 Dungeon Crawl Stone Soup version 0.20.1-1-g8b1a95d (webtiles) character file.

36699 Irenicus the Eclecticist (level 13, -1/88 HPs)
             Began as a Mummy Wizard on Nov 8, 2017.
             Was an Initiate of Gozag.
             Slain by a sixfirhy (3 damage)
             ... summoned by an obsidian statue
             ... in a volcano.
             The game lasted 02:14:25 (12627 turns).

Irenicus the Eclecticist (Mummy Wizard)            Turns: 12627, Time: 02:14:26

Health: -1/88      AC:  7    Str: 11      XL:     13   Next: 54%
Magic:  24/44      EV: 12    Int: 26 (28) God:    Gozag
Gold:   303        SH:  5    Dex: 10      Spells: 13/48 levels left

rFire    x . .     SeeInvis .   y - +9 hand crossbow "Vuco" {venom, *Corrode Int+6}
rCold    + . .     Gourm    .   A - +0 buckler
rNeg     + + +     Faith    .   c - +3 leather armour
rPois    ∞         Spirit   .   r - +0 helmet
rElec    +         Reflect  .   s - scarf {repulsion}
rCorr    .         Harm     .   (no gloves)
MR       +....                  (no boots)
Stlth    +++.......             w - amulet of regeneration
Regen    0.7/turn               e - ring of magical power
MPRegen  0.3/turn               G - ring "Ygugrius" {rElec Slay+2}

@: very slightly contaminated, studying Stealth, repel missiles
A: no food or potions, fire vulnerability, cold resistance 1, negative energy
resistance 3, torment resistance, unbreathing, in touch with death 1
a: Potion Petition, Call Merchant, Bribe Branch, Renounce Religion


You were in a volcano.
You worshipped Gozag.
Gozag was aware of your devotion.
You were not hungry.

You visited 4 branches of the dungeon, and saw 18 of its levels.
You also visited: Volcano.

You collected 5032 gold pieces.
You spent 4119 gold pieces at shops.
You paid 610 gold pieces to Gozag.

Inventory:

Hand Weapons
 y - the +9 hand crossbow "Vuco" (weapon) {venom, *Corrode Int+6}
   (You found it on level 7 of the Dungeon)

   It poisons the ammo it fires.
   It affects your intelligence (+6).
   It may corrode you when you take damage.
Missiles
 B - 38 bolts (quivered)
Armour
 c - a +3 leather armour (worn)
 r - a +0 helmet (worn)
 s - a scarf of repulsion (worn)
 t - a +2 cloak
 A - a +0 buckler (worn)
Jewellery
 e - a ring of magical power (left hand)
 j - an uncursed ring of protection from magic
 u - an uncursed ring of resist corrosion
 v - an uncursed ring of see invisible
 w - an amulet of regeneration (around neck)
 C - an uncursed ring of ice
 D - a +6 ring of dexterity
 E - a +3 ring of slaying
 F - an uncursed ring of protection from fire
 G - the ring "Ygugrius" (right hand) {rElec Slay+2}
   (You bought it in a shop on level 2 of the Orcish Mines)

   [ring of slaying]

   It affects your accuracy and damage with ranged weapons and melee attacks
   (+2).
   It insulates you from electricity.
Wands
 b - a wand of random effects (24/48)
 g - a wand of paralysis (11/24)
 p - a wand of flame (29/48)
 H - a wand of random effects (24/48)
Scrolls
 a - a scroll of fear
 d - 10 scrolls of remove curse
 f - 4 scrolls of enchant weapon
 h - 3 scrolls of enchant armour
 i - 2 scrolls of recharging
 k - 4 scrolls of teleportation
 m - a scroll of silence
 o - 6 scrolls of immolation
 q - 2 scrolls of magic mapping
 z - a scroll of fog
Books
 x - a book of Alchemy

   Spells                             Type                      Level
   a - Sublimation of Blood           Necromancy                   2
   b - Ignite Poison                  Fire/Transmutation/Poison    3
   c - Petrify                        Transmutation/Earth          4
   d - Alistair's Intoxication        Transmutation/Poison         5
   e - Irradiate                      Conjuration/Transmutation    5
 I - a manual of Stealth
 J - a book of Unlife

   Spells                             Type                      Level
   a - Recall                         Summoning/Translocation      3
   b - Animate Dead                   Necromancy                   4
   c - Control Undead                 Necromancy                   4
   d - Cigotuvi's Embrace             Necromancy                   5
   e - Death Channel                  Necromancy                   6
   f - Simulacrum                     Ice/Necromancy               6


   Skills:
 - Level 4.0 Fighting
 - Level 5.4 Crossbows
 - Level 3.0 Dodging
 * Level 7.1 Stealth
 - Level 5.3 Shields
 - Level 18.0 Spellcasting
 - Level 4.1 Conjurations
 - Level 2.1 Summonings
 - Level 6.7 Necromancy
 - Level 1.0 Translocations
 - Level 1.2 Transmutations
 - Level 2.2 Fire Magic
 - Level 1.0 Air Magic
 - Level 7.0 Poison Magic


You had 13 spell levels left.
You knew the following spells:

 Your Spells              Type           Power        Failure   Level  Hunger
b - Call Imp              Summ           ####....     1%          2    N/A
c - Conjure Flame         Conj/Fire      #####...     2%          3    N/A
d - Mephitic Cloud        Conj/Pois/Air  #####...     1%          3    N/A
e - Ignite Poison         Fire/Tmut/Pois #####...     1%          3    N/A
f - Blink                 Tloc           N/A          2%          2    N/A
g - Death Channel         Necr           ######....   26%         6    N/A
h - Control Undead        Necr           ######....   1%          4    N/A
i - Olgreb's Toxic Radia  Pois           ######..     1%          4    N/A
k - Venom Bolt            Conj/Pois      ######....   8%          5    N/A
s - Vampiric Draining     Necr           ######....   1%          3    N/A

Dungeon Overview and Level Annotations

Branches:
Dungeon (14/15)            Temple (1/1) D:6            Lair (1/6) D:8
    Orc (2/2) D:10            Elf (0/3) Orc:2        Vaults (0/5) D:14

Altars:
Ashenzari
Cheibriados
Dithmenos
Elyvilon
Fedhas
Gozag
Hepliaklqana
Kikubaaqudgha
Makhleb
Nemelex Xobeh
Okawaru
Qazlal
Ru
Sif Muna
Trog
Uskayaw
Vehumet
Xom
Yredelemnul
Zin
The Shining One

Shops:
D:4 %   D:10 (   D:13 :   Orc:2 (=:*!

Annotations:
Lair:1 exclusion: oklob plant Volcano exclusion: obsidian statue


Innate Abilities, Weirdness & Mutations

You do not eat or drink.
Your flesh is vulnerable to fire.
You are immune to poison.
Your flesh is cold resistant. (rC+)
You are immune to negative energy. (rN+++)
You are immune to unholy pain and torment.
You can survive without breathing.
You are in touch with the powers of death.


Message History

Press: ? - help, v - describe, . - travel, g - get item
Here: an ice devil (lightly wounded, summoned)
A bolt.
The floor.
Okay, then.
You need at least 400 gold to purchase potions right now!
You can't drink.
Okay, then.
Casting: Blink
Confirm with . or Enter, or press ? or * to list all spells.
Okay, then.
Casting: Blink
Confirm with . or Enter, or press ? or * to list all spells.
You blink.
As you read the scroll of fog, it crumbles to dust.
The scroll dissolves into smoke.
The sixfirhy hits you.
* * * LOW HITPOINT WARNING * * *
The sixfirhy shocks you. You resist.
You die...
Your body crumbles into a pile of gold.

######### #∩##.##∩#
#.#._.#.# #§#...#.#
### #(#...#.# 3.####
#(4.§§§.# §....####
#.(.3@§.#
≈≈.....8####.§.§§§.#
≈≈≈....$((+.(...(..#
≈≈≈§...8#######(####
≈§≈≈.§### #()#.#).#
≈≈≈§..## #.!....)#
≈≈≈≈§§§## #)[...[?#
≈§≈≈≈≈..####$.....$#
≈§≈≈§§§...##$.≈.§($#


You could see an ice devil and a sixfirhy.

Vanquished Creatures
  Josephine (Orc:1)
  2 hydras
  Fannar (D:10)
  A centaur warrior (D:13)
  4 two-headed ogres
  5 orc high priests (Orc:2)
  A hell knight (Volcano)
  5 skeletal warriors (D:12)
  3 orc knights (Orc:2)
  2 ugly things
  A deep elf mage (D:13)
  4 cyclopes
  2 centaur zombies
  Maurice (D:10)
  A spiny frog (Lair:1)
  A kobold demonologist (D:11)
  2 komodo dragons
  A red devil (Volcano)
  2 trolls
  3 hippogriffs
  3 slime creatures (D:13)
  A shadow (D:11)
  A human (D:7)
  4 fire bats (Volcano)
  A wyvern (D:11)
  17 yaks
  5 wraiths
  2 hogs (D:7)
  A basilisk (D:13)
  An acid dragon (D:12)
  A soldier ant (D:13)
  2 water moccasins
  3 wargs
  A hell hound (Volcano)
  An ice beast (D:11)
  34 orc warriors
  5 sky beasts
  3 phantoms
  A black bear (D:11)
  10 ogres
  4 centaurs
  3 crocodiles
  9 bullfrogs
  2 gnoll sergeants
  2 wyvern skeletons
  3 scorpions
  6 killer bees (D:11)
  5 wights (D:11)
  An electric eel (Lair:1)
  4 howler monkeys
  5 lava snakes (Volcano)
  A bullfrog zombie (D:7)
  A crimson imp (D:11)
  A jelly (D:8)
  7 hounds
  Crazy Yiuf (D:5)
  33 orc priests
  2 bullfrog skeletons
  14 orc wizards
  3 centaur skeletons
  4 worker ants
  2 iguanas
  7 adders
  12 gnolls
  3 shadow imps
  An ooze (D:1)
  2 adder skeletons (D:9)
  2 worms (D:2)
  A dart slug (D:4)
  A leopard gecko (D:8)
  82 orcs
  A ball python (D:7)
  3 bats
  10 giant cockroaches
  4 goblins
  4 hobgoblins
  2 jackals (D:2)
  3 quokkas
  4 frilled lizards
  3 kobolds
  10 rats
408 creatures vanquished.

Vanquished Creatures (collateral kills)
  A two-headed ogre (D:8)
  A centaur skeleton (D:11)
  A hippogriff (D:7)
  A fire bat (Volcano)
  2 hogs (D:7)
  2 yaks (D:11)
  The ghost of baljet the Chiller, an amateur MfIE (D:3)
  A sky beast (D:13)
  A phantom (D:4)
  2 ogres
  2 bullfrogs
  A gnoll sergeant (D:9)
  2 crimson imps
  A lava snake (Volcano)
  2 orc priests (D:4)
  A jelly (D:7)
  An iguana (D:8)
  Terence (D:3)
  2 worker ants
  Robin (D:3)
  2 gnolls
  2 adders
  A shadow imp (D:5)
  2 oozes
  2 worms (D:3)
  A leopard gecko (D:8)
  5 orcs
  9 goblins (D:3)
  3 hobgoblins (D:3)
  A quokka (D:6)
  A kobold (D:3)
56 creatures vanquished.

Vanquished Creatures (others)
  A bat (D:2)
  A quokka (D:2)
2 creatures vanquished.

Grand Total: 466 creatures vanquished

Notes
Turn   | Place    | Note
-------+----------+-------------------------------------------
     0 | D:1      | Irenicus the Mummy Wizard began the quest for the Orb.
     0 | D:1      | Reached XP level 1. HP: 13/13 MP: 5/5
    13 | D:1      | Reached skill level 1 in Conjurations
    91 | D:1      | Reached XP level 2. HP: 12/19 MP: 0/7
   317 | D:1      | Learned a level 2 spell: Blink
   460 | D:1      | Learned a level 2 spell: Call Imp
   575 | D:2      | Reached skill level 1 in Translocations
   600 | D:2      | Reached skill level 1 in Summonings
   661 | D:2      | Reached XP level 3. HP: 18/24 MP: 7/8
   684 | D:2      | Found a shadowy altar of Dithmenos.
   684 | D:2      | Found a burning altar of Makhleb.
   684 | D:2      | Found a glowing golden altar of the Shining One.
   686 | D:2      | Found a basalt altar of Yredelemnul.
   713 | D:2      | Found a white marble altar of Elyvilon.
  1084 | D:3      | Noticed baljet's ghost (amateur MfIE)
  1184 | D:3      | Noticed Terence
  1209 | D:3      | Killed Terence
  1209 | D:3      | Reached XP level 4. HP: 24/30 MP: 1/10
  1372 | D:3      | Noticed Robin
  1395 | D:3      | Killed Robin
  1403 | D:3      | Reached skill level 5 in Spellcasting
  1468 | D:3      | Found a hide-covered altar of Uskayaw.
  1509 | D:3      | Killed baljet's ghost
  1509 | D:3      | Reached XP level 5. HP: 29/35 MP: 11/13
  1594 | D:4      | Learned a level 3 spell: Conjure Flame
  1595 | D:4      | Noticed an ogre
  1605 | D:4      | Killed an ogre
  1605 | D:4      | Reached skill level 6 in Spellcasting
  1827 | D:4      | Reached skill level 7 in Spellcasting
  1827 | D:4      | Reached XP level 6. HP: 25/41 MP: 13/16
  1831 | D:4      | Learned a level 3 spell: Mephitic Cloud
  1941 | D:4      | Found Wiumm's Food Shoppe.
  1987 | D:4      | Got a warped robe
  2103 | D:4      | Reached skill level 8 in Spellcasting
  2247 | D:5      | Entered Level 5 of the Dungeon
  2312 | D:5      | Found a runed door.
  2316 | D:5      | Noticed Crazy Yiuf
  2333 | D:5      | Killed Crazy Yiuf
  2333 | D:5      | Reached skill level 1 in Fire Magic
  2351 | D:5      | Identified the +1 robe "Umiuffi" {Stlth+} (You found it on level 4 of the Dungeon)
  2502 | D:5      | Noticed a sky beast
  2570 | D:5      | Found a shimmering altar of Xom.
  2586 | D:5      | Killed a sky beast
  2586 | D:5      | Reached XP level 7. HP: 35/46 MP: 0/18
  2681 | D:5      | Reached skill level 1 in Air Magic
  2743 | D:5      | Reached skill level 1 in Poison Magic
  2909 | D:6      | Found a staircase to the Ecumenical Temple.
  2923 | Temple   | Entered the Ecumenical Temple
  2956 | Temple   | Became a worshipper of Gozag Ym Sagoz the Greedy
  3089 | D:6      | Found a radiant altar of Vehumet.
  3183 | D:6      | Learned a level 3 spell: Ignite Poison
  3338 | D:6      | Found a deep blue altar of Sif Muna.
  3339 | D:6      | Found an ancient bone altar of Kikubaaqudgha.
  3342 | D:6      | Identified Kikubaaqudgha's Tome of Evil
  3452 | D:7      | Reached XP level 8. HP: 26/52 MP: 19/20
  3537 | D:7      | Reached skill level 10 in Spellcasting
  3605 | D:7      | Got a jewelled hand crossbow
  3606 | D:7      | Identified the +9 hand crossbow "Vuco" {venom, *Corrode Int+6} (You found it on level 7 of the Dungeon)
  3721 | D:7      | Reached skill level 11 in Spellcasting
  3773 | D:7      | Reached XP level 9. HP: 22/57 MP: 1/24
  3831 | D:7      | Reached skill level 12 in Spellcasting
  3988 | D:8      | Found a shattered altar of Ashenzari.
  4138 | D:8      | Found a staircase to the Lair.
  4227 | D:8      | Noticed a two-headed ogre
  4272 | D:8      | Killed a two-headed ogre
  4272 | D:8      | Reached skill level 13 in Spellcasting
  4699 | D:9      | Reached skill level 14 in Spellcasting
  5102 | D:9      | Reached XP level 10. HP: 43/63 MP: 16/28
  5317 | D:9      | Reached skill level 15 in Spellcasting
  5505 | D:10     | Entered Level 10 of the Dungeon
  5524 | D:10     | Reached skill level 1 in Shields
  5573 | D:10     | Noticed a two-headed ogre
  5601 | D:10     | Killed a two-headed ogre
  5722 | D:10     | Noticed Maurice
  5731 | D:10     | Killed Maurice
  5791 | D:10     | Noticed Fannar
  5800 | D:10     | Killed Fannar
  5800 | D:10     | Reached skill level 5 in Shields
  5910 | D:10     | Found a staircase to the Orcish Mines.
  5983 | D:10     | Found Zauxaf's Antique Weapon Emporium.
  6187 | D:11     | Reached skill level 1 in Fighting
  6456 | D:11     | Reached skill level 1 in Crossbows
  6456 | D:11     | Reached XP level 11. HP: 75/77 MP: 19/30
  6974 | D:11     | Noticed a brown ugly thing
  6981 | D:11     | Killed a brown ugly thing
  7016 | D:11     | Noticed a four-headed hydra
  7037 | D:11     | Killed a four-headed hydra
  7157 | D:11     | Reached skill level 1 in Transmutations
  7767 | D:12     | Noticed a skeletal warrior
  7767 | D:12     | Noticed a skeletal warrior
  7767 | D:12     | Noticed a skeletal warrior
  7767 | D:12     | Noticed a skeletal warrior
  7775 | D:12     | Noticed a skeletal warrior
  7958 | D:12     | Killed a skeletal warrior
  7958 | D:12     | Reached skill level 16 in Spellcasting
  8015 | D:12     | Killed a skeletal warrior
  8021 | D:12     | Killed a skeletal warrior
  8044 | D:12     | HP: 2/77 [skeletal warrior/battleaxe[a skeletal warrior] (21)]
  8149 | D:12     | Killed a skeletal warrior
  8509 | D:12     | Killed a skeletal warrior
  8509 | D:12     | Reached XP level 12. HP: 54/83 MP: 23/32
  8678 | D:13     | Noticed a two-headed ogre
  8687 | D:13     | Killed a two-headed ogre
  8687 | D:13     | Reached skill level 17 in Spellcasting
  8824 | D:13     | Noticed a centaur warrior
  8831 | D:13     | Killed a centaur warrior
  8986 | D:13     | Noticed a seven-headed hydra
  9073 | D:13     | Reached skill level 18 in Spellcasting
  9247 | D:13     | Noticed a six-headed hydra
  9256 | D:13     | Killed a seven-headed hydra
  9402 | D:13     | Reached skill level 5 in Crossbows
  9537 | D:13     | Bought a book of Unlife for 910 gold pieces
  9537 | D:13     | Bought a Young Poisoner's Handbook for 560 gold pieces
  9544 | D:13     | Learned a level 6 spell: Death Channel
  9549 | D:13     | Learned a level 4 spell: Control Undead
  9554 | D:13     | Learned a level 4 spell: Olgreb's Toxic Radiance
  9558 | D:13     | Learned a level 3 spell: Vampiric Draining
  9564 | D:13     | Learned a level 5 spell: Venom Bolt
  9571 | D:14     | Found a gate to the Vaults.
  9575 | D:14     | Noticed a yaktaur captain
  9771 | Orc:1    | Entered Level 1 of the Orcish Mines
  9893 | Orc:1    | Noticed a two-headed ogre
  9905 | Orc:1    | Killed a two-headed ogre
  9905 | Orc:1    | Reached skill level 5 in Poison Magic
  9973 | Orc:1    | Found a deep blue altar of Sif Muna.
 10028 | Orc:1    | Identified Sif Muna's Handbook of the Rocks
 10077 | Orc:1    | Noticed Josephine
 10080 | Orc:1    | Killed Josephine
 10371 | Orc:2    | Entered Level 2 of the Orcish Mines
 10371 | Orc:2    | Found Toeda's Distillery.
 10379 | Orc:2    | Found a staircase to the Elven Halls.
 10843 | Orc:2    | Reached skill level 1 in Necromancy
 10859 | Orc:2    | Gained mutation: You are in touch with the powers of death. [Mummy growth]
 10859 | Orc:2    | Reached XP level 13. HP: 88/88 MP: 13/35
 11032 | Orc:2    | Reached skill level 5 in Necromancy
 11267 | Orc:2    | Found Otovop's Assorted Antiques.
 11267 | Orc:2    | Found Begurchyl's Weapon Boutique.
 11268 | Orc:2    | Found Rosoxe's Book Shop.
 11268 | Orc:2    | Found Fasust's Jewellery Boutique.
 11279 | Orc:2    | Bought a scroll labeled FUFUDI ZAFUD for 33 gold pieces
 11282 | Orc:2    | Bought an uncursed ring of protection from fire for 400 gold pieces
 11282 | Orc:2    | Bought the ring "Ygugrius" {rElec Slay+2} for 560 gold pieces
 11284 | Orc:2    | Bought a manual of Stealth for 1656 gold pieces
 11522 | Lair:1   | Entered Level 1 of the Lair of Beasts
 11940 | Lair:1   | Found a dark tunnel.
 11950 | Volcano  | Entered a volcano
 11970 | Volcano  | Reached skill level 5 in Stealth
 12271 | Volcano  | Found a burning altar of Makhleb.
 12298 | Volcano  | HP: 1/88 [sun demon (19)]
 12624 | Volcano  | HP: 3/88 [sixfirhy[an obsidian statue] (4)]
 12627 | Volcano  | Slain by a sixfirhy

Skill      XL: |  1  2  3  4  5  6  7  8  9 10 11 12 13 |
---------------+----------------------------------------+-----
Conjurations   | 1 2 4 |  4.1
Translocations | 1 |  1.0
Summonings     | 1 2 |  2.1
Spellcasting   | 5 7 8 11 14 15 16 18 | 18.0
Fire Magic     | 2 |  2.2
Air Magic      | 1 |  1.0
Poison Magic   | 1 3 7 |  7.0
Shields        | 5 |  5.3
Dodging        | 3 |  3.0
Fighting       | 4 |  4.0
Crossbows      | 1 4 5 |  5.4
Transmutations | 1 |  1.2
Necromancy     | 2 6 |  6.7
Stealth        | 7 |  7.1

Action                   |  1- 3 |  4- 6 |  7- 9 | 10-12 | 13-15 || total
-------------------------+-------+-------+-------+-------+-------++-------
Melee: Unarmed           |    10 |    16 |     1 |       |       ||    27
 Fire: Hand crossbow     |       |       |       |   215 |   129 ||   344
 Cast: Magic Dart        |   110 |    93 |   265 |   216 |     7 ||   691
       Call Imp          |     6 |    36 |    44 |    38 |     8 ||   132
       Blink             |     2 |     8 |     9 |    27 |    13 ||    59
       Conjure Flame     |       |     4 |    18 |    41 |     2 ||    65
       Mephitic Cloud    |       |       |    13 |   105 |    23 ||   141
       Ignite Poison     |       |       |     3 |    82 |    19 ||   104
       Olgreb's Toxic Ra |       |       |       |    15 |    11 ||    26
       Venom Bolt        |       |       |       |     5 |    17 ||    22
       Vampiric Draining |       |       |       |     1 |     4 ||     5
       Death Channel     |       |       |       |       |     1 ||     1
Invok: Call Merchant     |       |       |       |     1 |       ||     1
       Potion Petition   |       |       |       |       |     1 ||     1
Evoke: Wand              |       |       |       |       |     5 ||     5
  Use: Scroll            |       |       |     6 |     9 |    10 ||    25
 Stab: Distracted        |     1 |       |       |       |       ||     1
Armor: Robe              |     6 |       |       |       |       ||     6
       Leather armour    |     3 |    29 |    34 |    34 |    21 ||   121
Dodge: Dodged            |    37 |    43 |    54 |    98 |    40 ||   272
       Deflected         |       |       |       |     9 |     3 ||    12
Block: Buckler           |       |       |       |    37 |    15 ||    52
